 Dungeon Crawl Stone Soup version 0.19.0-11-g3fc08b3 (webtiles) character file.

487 Elitist the Slasher (level 6, -4/43 HPs)
             Began as a High Elf Gladiator on Nov 8, 2016.
             Slain by a gnoll
             ... wielding a +0 spear
              (6 damage)
             ... on level 4 of the Dungeon.
             The game lasted 00:11:33 (3799 turns).

Elitist the Slasher (High Elf Gladiator)            Turns: 3799, Time: 00:11:33

Health: -4/43      AC:  2    Str: 17    XL:     6   Next: 89%
Magic:  6/6        EV: 15    Int: 13    God:
Gold:   144        SH:  0    Dex: 16    Spells: 0 memorised, 5 levels left

rFire  . . .     SeeInvis .     a - +1 long sword
rCold  . . .     Gourm    .     w - -2 leather armour (curse)
rNeg   . . .     Faith    .     (no shield)
rPois  .         Spirit   .     c - +0 helmet
rElec  .         Reflect  .     l - +1 cloak
rCorr  .         Harm     .     (no gloves)
MR     .....                    (no boots)
Stlth  +.........               (no amulet)
                                (no ring)
                                v - ring of flight

@: lethally poisoned (-4 -> -6)
A: deformed body, low mp 1, strong 1
a: Evoke Flight


You were on level 4 of the Dungeon.
You were not hungry.

You visited 1 branch of the dungeon, and saw 4 of its levels.

You collected 144 gold pieces.

Inventory:

Hand Weapons
 a - a +1 long sword (weapon)
Missiles
 d - 2 throwing nets (quivered)
 g - 59 arrows
 n - 32 stones
 r - 4 javelins
Armour
 b - a +0 leather armour
 c - a +0 helmet (worn)
 l - a +1 cloak (worn)
 t - a +0 ring mail
 w - a cursed -2 leather armour (worn)
Jewellery
 v - a ring of flight (left hand)
Scrolls
 m - a scroll of enchant armour
 o - a scroll of enchant weapon
 p - 2 scrolls of fear
 q - a scroll of magic mapping
 s - a scroll of blinking
 u - 2 scrolls of noise
 x - a scroll of remove curse {unknown}
Potions
 z - a potion of brilliance
Comestibles
 f - 2 bread rations
 h - 7 fruits
 i - a meat ration


   Skills:
 + Level 3.9 Fighting
 * Level 7.1 Long Blades
 - Level 2.0 Throwing
 + Level 5.2 Dodging


You had 5 spell levels left.
You didn't know any spells.

Dungeon Overview and Level Annotations

Branches:
Dungeon (4/15)
 Temple: D:4-7

Altars:


Innate Abilities, Weirdness & Mutations

Armour fits poorly on your strangely shaped body.
Your magical capacity is low. (-10% MP)
Your muscles are strong. (Str +2)


Message History

Okay, then.
You aren't carrying any items that you can evoke.
Throwing (i - inventory. (,) - cycle):
r - 5 javelins (quivered)
Press: ? - help, Shift-Dir - straight line, f - gnoll
Aim: a gnoll, wielding a spear You throw a javelin.
The javelin hits the gnoll.
The gnoll is lightly wounded.
You feel sick. The orc hits you with a flail.
* * * LOW HITPOINT WARNING * * *
The gnoll hits you from afar with a spear!
* * * LOW HITPOINT WARNING * * *
Quiver which item? (- for none, * to show all) (? for menu, Esc to quit)
Quivering
d - 3 throwing nets for throwing.
Throwing (i - inventory. (,) - cycle):
d - 3 throwing nets (quivered)
Press: ? - help, Shift-Dir - straight line, f/p - gnoll
Aim: a gnoll, wielding a spear (lightly wounded)
You throw a throwing net.
The throwing net barely misses the gnoll.
The gnoll hits you from afar with a spear.
You die...

.......#........
..............## #
..)..#..#....... #.
.....##.#....... #..
######......... #...
#.............. #....
#..............
#.....#####..............
#.....oo@)g..(.(.........
#..%..#####....##.##.....
#.... ##..#...#......
#... #)....###...... #..
#.....## #...... ##
...#### #[..... .g.
#...... ##..... ##....


You could see a gnoll and 2 orcs.

Vanquished Creatures
  The ghost of CanOfBees the Chiller, an amateur MfIE of Makhleb (D:3)
  A water moccasin skeleton (D:3)
  A centaur skeleton (D:4)
  2 orc priests (D:3)
  2 orc wizards (D:4)
  Jessica (D:3)
  A worker ant (D:4)
  A hound skeleton (D:4)
  A gnoll (D:4)
  3 adders
  2 oozes (D:2)
  3 worms
  4 dart slugs
  A leopard gecko (D:2)
  4 orcs
  2 giant cockroaches
  3 goblins
  4 hobgoblins
  3 jackals (D:1)
  A quokka (D:3)
  A ball python (D:2)
  4 bats
  2 frilled lizards (D:2)
  5 kobolds
  A quokka zombie (D:3)
  10 rats
64 creatures vanquished.

Notes
Turn   | Place    | Note
-------+----------+-------------------------------------------
     0 | D:1      | Elitist the High Elf Gladiator began the quest for the Orb.
     0 | D:1      | Reached XP level 1. HP: 14/14 MP: 2/2
   166 | D:1      | Reached XP level 2. HP: 20/20 MP: 3/3
   200 | D:1      | Reached skill level 4 in Long Blades
  1554 | D:2      | Reached XP level 3. HP: 5/25 MP: 4/4
  2485 | D:2      | Reached skill level 5 in Long Blades
  2674 | D:3      | Reached XP level 4. HP: 26/30 MP: 5/5
  2719 | D:3      | Noticed CanOfBees's ghost (amateur MfIE)
  2746 | D:3      | Gained mutation: You have a pair of small horns on your head. [potion of mutation]
  2746 | D:3      | Gained mutation: Your muscles are strong. (Str +2) [potion of mutation]
  2746 | D:3      | Gained mutation: Your magical capacity is low. (-10% MP) [potion of mutation]
  2747 | D:3      | Lost mutation: You have a pair of small horns on your head. [potion of mutation]
  2747 | D:3      | Gained mutation: Armour fits poorly on your strangely shaped body. [potion of mutation]
  2754 | D:3      | Killed CanOfBees's ghost
  2754 | D:3      | Reached skill level 6 in Long Blades
  2754 | D:3      | Reached XP level 5. HP: 9/36 MP: 5/5
  3188 | D:3      | Noticed Jessica
  3193 | D:3      | Killed Jessica
  3347 | D:3      | Reached XP level 6. HP: 19/42 MP: 6/6
  3554 | D:3      | Reached skill level 5 in Dodging
  3785 | D:4      | Reached skill level 7 in Long Blades
  3798 | D:4      | HP: 2/43 [gnoll/spear (8)]
  3799 | D:4      | Slain by a gnoll

Skill      XL: |  1  2  3  4  5  6 |
---------------+-------------------+-----
Long Blades    | 4 5 6 7 |  7.1
Fighting       | 3 |  3.9
Dodging        | 4 5 |  5.2
Throwing       | |  2.0

Action                   |  1- 3 |  4- 6 || total
-------------------------+-------+-------++-------
Melee: Long sword        |   102 |    72 ||   174
Throw: Stone             |    29 |     3 ||    32
       Javelin           |       |     8 ||     8
       Throwing net      |       |     1 ||     1
  Use: Potion            |       |    11 ||    11
       Scroll            |       |     8 ||     8
 Stab: Sleeping          |     4 |       ||     4
       Invisible         |       |     5 ||     5
  Eat: Chunk             |     5 |     4 ||     9
Armor: Leather armour    |    11 |     6 ||    17
       Ring mail         |    14 |     7 ||    21
       Skin              |       |     2 ||     2
Dodge: Dodged            |    73 |    64 ||   137
       Rpst.: Long sword |    22 |    16 ||    38
